 Dungeon Crawl Stone Soup version 0.25-a0-730-g633e9c3c14 (webtiles) character file.

Game seed: 9229174778894971362, levelgen mode: deterministic

53 Lugonue the Stinger (level 3, -3/19 HPs)
             Began as a Tengu Venom Mage on Apr 7, 2020.
             Slain by a gnoll
             ... wielding a +0 halberd
              (11 damage)
             ... on level 2 of the Dungeon.
             The game lasted 00:02:18 (1160 turns).

Lugonue the Stinger (Tengu Venom Mage)              Turns: 1160, Time: 00:02:19

Health: -3/19      AC:  5    Str:  9    XL:     3   Next: 89%
Magic:  3/7        EV: 11    Int: 15    God:
Gold:   150        SH:  0    Dex: 14    Spells: 3/6 levels left

rFire    . . .     SeeInvis .   g - +1 spear (venom)
rCold    . . .     Gourm    .   (no shield)
rNeg     . . .     Faith    .   p - +0 ring mail
rPois    .         Spirit   .   (helmet restricted)
rElec    .         Reflect  .   (no cloak)
rCorr    .         Harm     .   (no gloves)
MR       .....                  (boots unavailable)
Stlth    +.........             (no amulet)
HPRegen  0.06/turn              (no ring)
MPRegen  0.10/turn              (no ring)

@: very slightly contaminated
A: beak, talons 3
a: no special abilities


You were on level 2 of the Dungeon.
You were not hungry.

You visited 1 branch of the dungeon, and saw 2 of its levels.

You collected 150 gold pieces.

Inventory:

Hand Weapons
 g - a +1 spear of venom (weapon)
Missiles
 k - 20 poisoned darts (quivered)
Armour
 a - a +0 robe
 p - a +0 ring mail (worn)
Jewellery
 q - an uncursed ring of positive energy {unknown}
Scrolls
 b - a scroll of identify {unknown}
 d - 4 scrolls of remove curse {unknown}
 n - a scroll of amnesia {unknown}
 r - 2 scrolls of fear {unknown}
Potions
 e - a potion of flight {unknown}
 f - a potion of haste {unknown}
 i - a potion of curing {unknown}
 j - a potion of degeneration {unknown}
 l - a potion of brilliance {unknown}
 m - a potion of ambrosia {unknown}
 o - a potion of invisibility {unknown}
Comestibles
 c - 3 rations
 h - 2 chunks of flesh


   Skills:
 + Level 0.1 Fighting
 + Level 0.4 Polearms
 * Level 0.9 Armour
 + Level 2.7 Dodging
 + Level 2.3 Stealth
 + Level 2.3 Spellcasting
 + Level 0.8 Transmutations
 + Level 3.5 Poison Magic


You had 3 spell levels left.
You knew the following spells:

 Your Spells              Type           Power        Failure   Level  Hunger
a - Sting                 Tmut/Pois      #...         24%         1    #......
b - Poisonous Vapours     Pois/Air       #.....       41%         2    ###....

Your spell library contained the following spells:

 Spells                   Type           Power        Failure   Level  Hunger
 Ignite Poison            Fire/Tmut/Pois #.......     69%         3    ###....
 Mephitic Cloud           Conj/Pois/Air  #.......     73%         3    ###....
 Olgreb's Toxic Radiance  Pois           ##......     80%         4    #####..


Dungeon Overview and Level Annotations

Branches:
Dungeon (2/15)

Altars:


Innate Abilities, Weirdness & Mutations

You have a beak for a mouth.
You have claws for feet.


Message History

Confirm with . or Enter, or press ? or * to list all spells.
Aiming: Poisonous Vapours (safe; 41% risk of failure)
Press: ? - help, Dir - move target cursor, f - gnoll, p - gnoll
Aim: a gnoll, wielding a +0 halberd You miscast Poisonous Vapours.
You are very lightly contaminated with residual magic.
Nothing appears to happen.
Unknown command.
Casting: Poisonous Vapours (safe; 41% risk of failure)
Confirm with . or Enter, or press ? or * to list all spells.
Aiming: Poisonous Vapours (safe; 41% risk of failure)
Press: ? - help, Dir - move target cursor, f/p - gnoll
Aim: a gnoll, wielding a +0 halberd Poisonous vapours surround the gnoll!
The gnoll is engulfed in poison gas.
The gnoll is poisoned.
The gnoll hits you from afar with a +0 halberd!
There is a stone staircase leading up here.
The gnoll hits you from afar with a +0 halberd!
Ouch! That really hurt!
You die...

...#### ######## ......#
#...(..# ......#
#.####.#### ......#
#.#..#....#
......###.#..#..#.######
..........#..#..#.....g#
.##...#......#.....###.#
............>#.###g# #.#
....#.#..#......@..# #g#
)...#.#..#.#.#.#.### #g#
....#.#..#.#.#.#.# #.#
....#....#.#÷#÷#.# #.#
#######.##.#...#.# #.#
#.#####.# #.# #. #.# #.#
#. #.# #.#


You could see a gnoll.

Vanquished Creatures
  An adder (D:2)
  A worm (D:2)
  3 dart slugs
  A leopard gecko (D:2)
  5 bats
  2 giant cockroaches
  2 goblins
  2 hobgoblins (D:2)
  A ball python (D:1)
  5 frilled lizards
  7 kobolds
  5 rats
35 creatures vanquished.

Notes
Turn   | Place    | Note
-------+----------+-------------------------------------------
     0 | D:1      | Lugonue the Tengu Venom Mage began the quest for the Orb.
     0 | D:1      | Reached XP level 1. HP: 10/10 MP: 4/4
   288 | D:1      | Reached XP level 2. HP: 15/15 MP: 4/6
   845 | D:2      | Reached XP level 3. HP: 19/19 MP: 7/7
   855 | D:2      | Learned a level 2 spell: Poisonous Vapours
  1160 | D:2      | Slain by a gnoll

Levels and vault maps discovered:
D:1:      dpeg_arrival_arbitrary_c, layout_loops_corners
D:2:      layout_basic

Action                   || total
-------------------------++-------
Melee: Unarmed           ||    21
       Kick              ||    14
       Peck              ||     8
       Spear             ||    68
 Cast: Sting             ||     2
       Poisonous Vapours ||     1
 Stab: Sleeping          ||     2
  Eat: Chunk             ||     1
Armor: Robe              ||     8
       Ring mail         ||    10
Dodge: Dodged            ||    51

Table legend:
 A = Non-vault XP
 B = Vault XP
 C = Vault XP percentage of total XP
 D = Non-vault monster count
 E = Vault monster count
 F = Vault count percentage of total count
                 A         B        C        D         E       F
            +---------+---------+-------+---------+---------+-------
      Total |      77 |       0 |   0.0 |      35 |       0 |   0.0
            +---------+---------+-------+---------+---------+-------
        D:1 |      28 |       0 |   0.0 |      16 |       0 |   0.0
        D:2 |      49 |       0 |   0.0 |      19 |       0 |   0.0
            +---------+---------+-------+---------+---------+-------
